| TOP OF THE 1ST |
|
Coos Bay-North Bend Blue Soxs batting - Pitching for Bellingham Mariners : LHP Mark Blumenschein
|
|
Pitching: LHP Mark Blumenschein
|
|
|
Batting: RHB Brian Stemberger
|
0-0: Ball 1-0: Ball 2-0: Swinging Strike 2-1: Ball 3-1: Foul Ball, location: 2F 3-2: Base on Balls
|
|
Batting: RHB Carlos Salinas
|
0-0: Fielders Choice at 2nd, 5-4 (Groundball, 56S, EV 83.8 MPH)
|
|
Batting: RHB Javier Ortiz
|
0-0: Grounds into double play, 5-4-3 (Groundball, 5, EV 99.4 MPH)
|
| Top of the 1st over - 0 runs, 0 hits, 0 errors, 0 left on base; Coos Bay-North Bend 0 - Bellingham 0 |
| BOTTOM OF THE 1ST |
|
Bellingham Mariners batting - Pitching for Coos Bay-North Bend Blue Soxs : RHP Victor Pineda
|
|
Pitching: RHP Victor Pineda
|
|
|
Batting: LHB Dan O'Regan
|
0-0: Ball 1-0: Ball 2-0: Ball 3-0: Foul Ball, location: 2F 3-1: Base on Balls
|
|
Batting: RHB Norm Carrasco
|
0-0: SINGLE (Groundball, 34S, EV 84.4 MPH) (infield hit) Dan O'Regan to second
|
|
Batting: RHB Juan Delgado
|
0-0: Ball 1-0: Called Strike 1-1: Fielders Choice at 2nd, 6-4 (Groundball, 6, EV 101.3 MPH) Dan O'Regan to third
|
|
Batting: SHB Paul Felix
|
0-0: Ball 1-0: Grounds into double play, 1-6-3 (Groundball, 13S, EV 71.3 MPH)
|
| Bottom of the 1st over - 0 runs, 1 hit, 0 errors, 1 left on base; Coos Bay-North Bend 0 - Bellingham 0 |
| TOP OF THE 2ND |
|
Coos Bay-North Bend Blue Soxs batting - Pitching for Bellingham Mariners : LHP Mark Blumenschein
|
|
Batting: LHB Curt Reed
|
0-0: Called Strike 0-1: Foul Ball, location: 2F 0-2: Ball 1-2: SINGLE (Groundball, 56D, EV 100.0 MPH)
|
|
Batting: RHB Danny Quintana
|
0-0: SINGLE (Groundball, 25, EV 61.9 MPH) (infield hit) Curt Reed to second
|
|
Batting: RHB Gregory Chinn
|
0-0: Ball 1-0: Fly out, F9 (Flyball, 89S, EV 73.8 MPH)
|
|
Batting: RHB James Wahlig
|
0-0: SINGLE (Groundball, 6MD, EV 83.8 MPH) (infield hit) Curt Reed to third Danny Quintana to second
|
|
Batting: RHB James Stefanski
|
0-0: Ball 1-0: Ball 2-0: Ball 3-0: Base on Balls Curt Reed scores Danny Quintana to third James Wahlig to second
|
|
Batting: LHB Mark Reynolds
|
0-0: SINGLE (Groundball, 6MD, EV 103.8 MPH) Danny Quintana scores James Wahlig to third James Stefanski to second Runner from 3rd tries for Home, SAFE, throw by CF to home
|
|
Batting: RHB Brian Stemberger
|
0-0: Ball 1-0: Ball 2-0: Ball 3-0: Called Strike 3-1: Called Strike 3-2: SINGLE (Line Drive, 7S, EV 86.9 MPH) James Stefanski to third Mark Reynolds to second
|
|
Batting: RHB Carlos Salinas
|
0-0: Ball 1-0: Ball 2-0: Ball 3-0: Called Strike 3-1: Called Strike 3-2: Foul Ball, location: 2F 3-2: Fielders Choice at 2nd, 6-4 (Groundball, 6, EV 89.4 MPH) James Stefanski scores Mark Reynolds to third
|
|
Batting: RHB Javier Ortiz
|
0-0: Ball 1-0: Called Strike 1-1: Ground out 4-3 (Groundball, 4, EV 88.8 MPH)
|
| Top of the 2nd over - 4 runs, 5 hits, 0 errors, 2 left on base; Coos Bay-North Bend 4 - Bellingham 0 |
| BOTTOM OF THE 2ND |
|
Bellingham Mariners batting - Pitching for Coos Bay-North Bend Blue Soxs : RHP Victor Pineda
|
|
Batting: LHB Thomas Graziano
|
0-0: Ground out 5-3 (Groundball, 56, EV 89.4 MPH)
|
|
Batting: RHB Hector Rivera
|
0-0: Ball 1-0: Called Strike 1-1: Ball 2-1: Fly out, F4 (Popup, 23, EV 84.4 MPH)
|
|
Batting: RHB Elza Nevoeiro
|
0-0: Ball 1-0: Fly out, F9 (Flyball, 9LM, EV 95.0 MPH)
|
| Bottom of the 2nd over - 0 runs, 0 hits, 0 errors, 0 left on base; Coos Bay-North Bend 4 - Bellingham 0 |
| TOP OF THE 3RD |
|
Coos Bay-North Bend Blue Soxs batting - Pitching for Bellingham Mariners : LHP Mark Blumenschein
|
|
Batting: LHB Curt Reed
|
0-0: Called Strike 0-1: Ball 1-1: SINGLE (Groundball, 4D, EV 100.0 MPH)
|
|
Batting: RHB Danny Quintana
|
0-0: Called Strike 0-1: 2-RUN HOME RUN (Line Drive, 89XD, EV 96.3 MPH), Distance : 431 ft
|
|
Batting: RHB Gregory Chinn
|
0-0: Ball 1-0: Ball 2-0: Ball 3-0: Base on Balls
|
|
Pitching: RHP Charles Dexter
|
|
|
Batting: RHB James Wahlig
|
0-0: Foul Ball, location: 2F 0-1: Ball 1-1: Foul Ball, location: 2F 1-2: SINGLE (Line Drive, 4D, EV 99.4 MPH) Gregory Chinn to second Runner from 2nd tries for 3rd, OUT! 8-5
|
|
Batting: RHB James Stefanski
|
0-0: Called Strike 0-1: Foul Ball, location: 2F 0-2: Ball 1-2: Fly out, F9 (Flyball, 9S, EV 94.4 MPH)
|
|
Batting: LHB Mark Reynolds
|
0-0: Ball 1-0: Ball 2-0: Ball 3-0: Base on Balls James Wahlig to second
|
|
Batting: RHB Brian Stemberger
|
0-0: Ball 1-0: Ball 2-0: Called Strike 2-1: Ball 3-1: Foul Ball, location: 2F 3-2: Strikes out looking
|
| Top of the 3rd over - 2 runs, 3 hits, 0 errors, 2 left on base; Coos Bay-North Bend 6 - Bellingham 0 |
| BOTTOM OF THE 3RD |
|
Bellingham Mariners batting - Pitching for Coos Bay-North Bend Blue Soxs : RHP Victor Pineda
|
|
Batting: RHB Werner Lajszky
|
0-0: Called Strike 0-1: Ball 1-1: Swinging Strike 1-2: Foul Ball, location: 2F 1-2: SINGLE (Line Drive, 6D, EV 99.4 MPH)
|
|
Batting: RHB Barry Cheesman
|
0-0: Foul Ball, location: 2F 0-1: Ball 1-1: Ball 2-1: Grounds into double play, 4-6-3 (Groundball, 4M, EV 98.1 MPH)
|
|
Batting: LHB Dan O'Regan
|
0-0: Ball 1-0: Ball 2-0: Ball 3-0: Base on Balls
|
|
Batting: RHB Norm Carrasco
|
0-0: Ball 1-0: Ball 2-0: Ball 3-0: Called Strike 3-1: SINGLE (Line Drive, 6M, EV 101.3 MPH) Dan O'Regan to second
|
|
Batting: RHB Juan Delgado
|
0-0: Ball 1-0: Ball Balk! Dan O'Regan to third Norm Carrasco to second 2-0: Called Strike 2-1: Ball 3-1: Base on Balls
|
|
Batting: SHB Paul Felix
|
0-0: Called Strike 0-1: Ball 1-1: Ball 2-1: Swinging Strike 2-2: Fly out, F3 (Popup, 3L, EV 66.9 MPH)
|
| Bottom of the 3rd over - 0 runs, 2 hits, 0 errors, 3 left on base; Coos Bay-North Bend 6 - Bellingham 0 |
| TOP OF THE 4TH |
|
Coos Bay-North Bend Blue Soxs batting - Pitching for Bellingham Mariners : RHP Charles Dexter
|
|
Batting: RHB Carlos Salinas
|
0-0: Ground out 6-3 (Groundball, 6, EV 86.3 MPH)
|
|
Batting: RHB Javier Ortiz
|
0-0: Swinging Strike 0-1: Swinging Strike 0-2: SOLO HOME RUN (Flyball, 7LD, EV 87.5 MPH), Distance : 365 ft
|
|
Batting: LHB Curt Reed
|
0-0: Fly out, F3 (Flyball, 3D, EV 91.3 MPH)
|
|
Batting: RHB Danny Quintana
|
0-0: Fly out, F9 (Flyball, 9D, EV 98.1 MPH)
|
| Top of the 4th over - 1 run, 1 hit, 0 errors, 0 left on base; Coos Bay-North Bend 7 - Bellingham 0 |
| BOTTOM OF THE 4TH |
|
Bellingham Mariners batting - Pitching for Coos Bay-North Bend Blue Soxs : RHP Victor Pineda
|
|
Batting: LHB Thomas Graziano
|
0-0: Foul Ball, location: 2F 0-1: Foul Ball, location: 2F 0-2: Ground out 6-3 (Groundball, 6, EV 85.0 MPH)
|
|
Batting: RHB Hector Rivera
|
0-0: Foul Ball, location: 2F 0-1: Ball 1-1: SINGLE (Line Drive, 8RS, EV 105.0 MPH)
|
|
Batting: RHB Elza Nevoeiro
|
0-0: Ball 1-0: Swinging Strike 1-1: 2-RUN HOME RUN (Flyball, 7LD, EV 102.5 MPH), Distance : 366 ft
|
|
Batting: RHB Werner Lajszky
|
0-0: Ground out 6-3 (Groundball, 6, EV 80.6 MPH)
|
|
Batting: RHB Barry Cheesman
|
0-0: Foul Ball, location: 2F 0-1: Ball 1-1: Called Strike 1-2: Strikes out swinging
|
| Bottom of the 4th over - 2 runs, 2 hits, 0 errors, 0 left on base; Coos Bay-North Bend 7 - Bellingham 2 |
| TOP OF THE 5TH |
|
Coos Bay-North Bend Blue Soxs batting - Pitching for Bellingham Mariners : RHP Charles Dexter
|
|
Batting: RHB Gregory Chinn
|
0-0: Called Strike 0-1: Ball 1-1: Foul Ball, location: 2F 1-2: Foul Ball, location: 2F 1-2: Foul Ball, location: 2F 1-2: DOUBLE (Flyball, 78XD, EV 97.5 MPH)
|
|
Pitching: RHP Jay Samuel
|
|
|
Batting: RHB James Wahlig
|
0-0: Foul Ball, location: 2F 0-1: Fly out, F8 (Line Drive, 8LM, EV 93.1 MPH)
|
|
Batting: RHB James Stefanski
|
0-0: Ball 1-0: Ball 2-0: Foul Ball, location: 2F 2-1: Ground out 6-3 (Groundball, 6S, EV 93.8 MPH) Gregory Chinn to third
|
|
Batting: LHB Mark Reynolds
|
0-0: Called Strike 0-1: Ball 1-1: Ball 2-1: Ball 3-1: Called Strike 3-2: Base on Balls
|
|
Batting: RHB Brian Stemberger
|
0-0: Ball 1-0: Ball 2-0: Ball 3-0: Foul Ball, location: 2F 3-1: Base on Balls Mark Reynolds to second
|
|
Pitching: LHP Bernard Gallo
|
|
|
Batting: RHB Carlos Salinas
|
0-0: Ball 1-0: Called Strike 1-1: Ball 2-1: Swinging Strike 2-2: SINGLE (Flyball, 6MD, EV 89.4 MPH) Gregory Chinn scores Mark Reynolds to third Brian Stemberger to second
|
|
Batting: RHB Javier Ortiz
|
0-0: Ball 1-0: Ball 2-0: Called Strike 2-1: Ball 3-1: Called Strike 3-2: Strikes out looking
|
| Top of the 5th over - 1 run, 2 hits, 0 errors, 3 left on base; Coos Bay-North Bend 8 - Bellingham 2 |
| BOTTOM OF THE 5TH |
|
Bellingham Mariners batting - Pitching for Coos Bay-North Bend Blue Soxs : RHP Victor Pineda
|
|
Batting: LHB Dan O'Regan
|
0-0: Ground out U3 (Groundball, 34, EV 108.1 MPH)
|
|
Batting: RHB Norm Carrasco
|
0-0: Ball 1-0: Foul Ball, location: 2F 1-1: Swinging Strike 1-2: Reached on error, E1 (Groundball, 15S, EV 63.8 MPH)
|
|
Batting: RHB Juan Delgado
|
0-0: Ball 1-0: Ball 2-0: Called Strike 2-1: Ground out 6-3 (Groundball, 6, EV 86.3 MPH) Norm Carrasco to third
|
|
Batting: SHB Paul Felix
|
0-0: Called Strike 0-1: Swinging Strike 0-2: Ball 1-2: Strikes out swinging
|
| Bottom of the 5th over - 0 runs, 0 hits, 1 error, 1 left on base; Coos Bay-North Bend 8 - Bellingham 2 |
| TOP OF THE 6TH |
|
Coos Bay-North Bend Blue Soxs batting - Pitching for Bellingham Mariners : LHP Bernard Gallo
|
|
Batting: LHB Curt Reed
|
0-0: Foul Ball, location: 2F 0-1: Called Strike 0-2: Fly out, F8 (Flyball, 89S, EV 98.1 MPH)
|
|
Batting: RHB Danny Quintana
|
0-0: Called Strike 0-1: Foul Ball, location: 2F 0-2: Ball 1-2: Fly out, F8 (Flyball, 8LM, EV 88.8 MPH)
|
|
Batting: RHB Gregory Chinn
|
0-0: Swinging Strike 0-1: Ball 1-1: Ball 2-1: Foul Ball, location: 2F 2-2: Foul Ball, location: 2F 2-2: Ground out 6-3 (Groundball, 6S, EV 66.3 MPH)
|
| Top of the 6th over - 0 runs, 0 hits, 0 errors, 0 left on base; Coos Bay-North Bend 8 - Bellingham 2 |
| BOTTOM OF THE 6TH |
|
Bellingham Mariners batting - Pitching for Coos Bay-North Bend Blue Soxs : RHP Victor Pineda
|
|
Batting: LHB Thomas Graziano
|
0-0: Called Strike 0-1: Ball 1-1: Ball 2-1: Ball 3-1: Base on Balls
|
|
Batting: RHB Hector Rivera
|
0-0: Ball 1-0: Ball 2-0: Called Strike 2-1: Ball 3-1: Fielders Choice at 2nd, 4-6 (Groundball, 4, EV 87.5 MPH)
|
|
Batting: RHB Elza Nevoeiro
|
0-0: Fly out, F8 (Line Drive, 8RD, EV 93.8 MPH)
|
|
Batting: RHB Werner Lajszky
|
0-0: Ball 1-0: Ball 2-0: Ball 3-0: Called Strike 3-1: Called Strike 3-2: Ground out 6-3 (Groundball, 6S, EV 76.3 MPH)
|
| Bottom of the 6th over - 0 runs, 0 hits, 0 errors, 1 left on base; Coos Bay-North Bend 8 - Bellingham 2 |
| TOP OF THE 7TH |
|
Coos Bay-North Bend Blue Soxs batting - Pitching for Bellingham Mariners : LHP Bernard Gallo
|
|
Batting: RHB James Wahlig
|
0-0: Reached on error, E8 (Flyball, 8RS, EV 73.1 MPH)
|
|
Batting: RHB James Stefanski
|
0-0: Ball 1-0: Fly out, F9 (Line Drive, 9, EV 103.8 MPH)
|
|
Batting: LHB Mark Reynolds
|
0-0: Ball 1-0: Called Strike 1-1: Ball 2-1: Ball 3-1: Base on Balls James Wahlig to second
|
|
Batting: RHB Brian Stemberger
|
0-0: Ball 1-0: Ball 2-0: Ball 3-0: Called Strike 3-1: Base on Balls James Wahlig to third Mark Reynolds to second
|
|
Batting: RHB Carlos Salinas
|
0-0: Foul Ball, location: 2F 0-1: Swinging Strike 0-2: Ball 1-2: Strikes out swinging
|
|
Batting: RHB Javier Ortiz
|
0-0: DOUBLE (Line Drive, 7LD, EV 111.3 MPH) James Wahlig scores Mark Reynolds scores Brian Stemberger to third Runner from 3rd tries for Home, SAFE, throw by LF to home
|
|
Batting: LHB Curt Reed
|
0-0: Ball 1-0: Ball 2-0: Called Strike 2-1: Foul Ball, location: 2F 2-2: Ball 3-2: SINGLE (Line Drive, 8LS, EV 110.0 MPH) Javier Ortiz to third Javier Ortiz scores
|
|
Pitching: RHP Anthony Stearns
|
|
|
Batting: RHB Danny Quintana
|
0-0: Ball 1-0: Foul Ball, location: 2F 1-1: Called Strike 1-2: Ball 2-2: Ball 3-2: SINGLE (Line Drive, 78S, EV 101.3 MPH) Curt Reed to second Curt Reed to third
|
|
Batting: RHB Gregory Chinn
|
0-0: Ball 1-0: Ball 2-0: Ball 3-0: Called Strike 3-1: Swinging Strike 3-2: Ground out U3 (Groundball, 3, EV 100.6 MPH)
|
| Top of the 7th over - 4 runs, 3 hits, 1 error, 2 left on base; Coos Bay-North Bend 12 - Bellingham 2 |
| BOTTOM OF THE 7TH |
|
Bellingham Mariners batting - Pitching for Coos Bay-North Bend Blue Soxs : RHP Victor Pineda
|
|
Batting: RHB Barry Cheesman
|
0-0: Ball 1-0: Ball 2-0: Ball 3-0: Called Strike 3-1: Ground out 6-3 (Groundball, 56, EV 106.9 MPH)
|
|
Batting: LHB Dan O'Regan
|
0-0: Called Strike 0-1: Foul Ball, location: 2F 0-2: Ball 1-2: Reached on error, E2 (Groundball, 15S, EV 66.3 MPH)
|
|
Batting: RHB Norm Carrasco
|
0-0: Ball 1-0: Fly out, F9 (Line Drive, 9, EV 109.4 MPH)
|
|
Batting: RHB Juan Delgado
|
0-0: Swinging Strike 0-1: Ball 1-1: Swinging Strike 1-2: Foul Ball, location: 2F 1-2: Ball 2-2: Fly out, F3 (Popup, 3S, EV 73.8 MPH)
|
| Bottom of the 7th over - 0 runs, 0 hits, 1 error, 1 left on base; Coos Bay-North Bend 12 - Bellingham 2 |
| TOP OF THE 8TH |
|
Coos Bay-North Bend Blue Soxs batting - Pitching for Bellingham Mariners : RHP Anthony Stearns
|
|
Batting: RHB James Wahlig
|
0-0: Swinging Strike 0-1: Ball 1-1: Ball 2-1: Foul Ball, location: 2F 2-2: Strikes out looking
|
|
Batting: RHB James Stefanski
|
0-0: Called Strike 0-1: TRIPLE (Flyball, 7LD, EV 112.5 MPH)
|
|
Batting: LHB Mark Reynolds
|
0-0: Ball 1-0: Ball 2-0: Called Strike 2-1: Ball 3-1: Base on Balls
|
|
Batting: RHB Brian Stemberger
|
0-0: Foul Ball, location: 2F 0-1: Ball 1-1: Ball 2-1: Ball 3-1: Foul Ball, location: 2F 3-2: Foul Ball, location: 2F 3-2: 3-RUN HOME RUN (Flyball, 7D, EV 110.6 MPH), Distance : 373 ft
|
|
Batting: RHB Carlos Salinas
|
0-0: Ball 1-0: Ball 2-0: Ball 3-0: Called Strike 3-1: Ground out 6-3 (Groundball, 6M, EV 88.1 MPH)
|
|
Batting: RHB Javier Ortiz
|
0-0: Ball 1-0: Ball 2-0: Ball 3-0: Called Strike 3-1: Foul Ball, location: 2F 3-2: Fly out, F5 (Flyball, 5D, EV 88.1 MPH)
|
| Top of the 8th over - 3 runs, 2 hits, 0 errors, 0 left on base; Coos Bay-North Bend 15 - Bellingham 2 |
| BOTTOM OF THE 8TH |
|
Bellingham Mariners batting - Pitching for Coos Bay-North Bend Blue Soxs : RHP Victor Pineda
|
|
Batting: SHB Paul Felix
|
0-0: Called Strike 0-1: Ground out 5-3 (Groundball, 25, EV 81.3 MPH)
|
|
Batting: LHB Thomas Graziano
|
0-0: Ball 1-0: Ground out 6-3 (Groundball, 6, EV 98.8 MPH)
|
|
Batting: RHB Hector Rivera
|
0-0: Ground out 5-3 (Groundball, 56, EV 96.9 MPH)
|
| Bottom of the 8th over - 0 runs, 0 hits, 0 errors, 0 left on base; Coos Bay-North Bend 15 - Bellingham 2 |
| TOP OF THE 9TH |
|
Coos Bay-North Bend Blue Soxs batting - Pitching for Bellingham Mariners : RHP Anthony Stearns
|
|
Batting: LHB Curt Reed
|
0-0: Ground out U3 (Groundball, 34, EV 108.1 MPH)
|
|
Batting: RHB Danny Quintana
|
0-0: Foul Ball, location: 2F 0-1: Ball 1-1: Ball 2-1: Ball 3-1: Swinging Strike 3-2: Ground out 6-3 (Groundball, 56, EV 80.6 MPH)
|
|
Batting: RHB Gregory Chinn
|
0-0: Swinging Strike 0-1: Called Strike 0-2: Strikes out looking
|
| Top of the 9th over - 0 runs, 0 hits, 0 errors, 0 left on base; Coos Bay-North Bend 15 - Bellingham 2 |
| BOTTOM OF THE 9TH |
|
Bellingham Mariners batting - Pitching for Coos Bay-North Bend Blue Soxs : RHP Victor Pineda
|
|
Batting: RHB Elza Nevoeiro
|
0-0: Fly out, F9 (Flyball, 9S, EV 86.3 MPH)
|
|
Batting: RHB Werner Lajszky
|
0-0: Ball 1-0: Foul Ball, location: 2F 1-1: Foul Ball, location: 2F 1-2: Ball 2-2: Ball 3-2: Foul Ball, location: 2F 3-2: Foul Ball, location: 2F 3-2: Base on Balls
|
|
Batting: RHB Barry Cheesman
|
0-0: Foul Ball, location: 2F 0-1: Ball 1-1: Called Strike 1-2: Strikes out looking
|
|
Batting: LHB Dan O'Regan
|
0-0: Ball 1-0: Fielders Choice at 2nd, 5-4 (Groundball, 56, EV 91.3 MPH)
|
| Bottom of the 9th over - 0 runs, 0 hits, 0 errors, 1 left on base; Coos Bay-North Bend 15 - Bellingham 2 |
|